 Dungeon Crawl Stone Soup version 0.30-a0-1157-g2cc9ac7196 (webtiles) character file.

Game seed: 3687301106168637290

23287 Lobster4 the Placeless Spriggan (level 12, -5/60 HPs)
             Began as a Spriggan Warper on Apr 23, 2023.
             Was the Champion of Fedhas.
             Engulfed by a cloud of flame (12 damage)
             ... in a volcano on Apr 24, 2023.
             The game lasted 01:43:52 (21404 turns).

Lobster4 the Placeless Spriggan (Spriggan Warper)  Turns: 21404, Time: 01:43:53

Health: -5/60      AC:  2    Str:  7    XL:     12   Next: 70%
Magic:  25/34      EV: 23    Int: 15    God:    Fedhas [******]
Gold:   1116       SH:  9    Dex: 19    Spells: 8/28 levels left

rFire   + . .        a - +3 dagger of Floods {elec, rF+ MP+9 Stlth+}
rCold   . . .        V - +0 buckler
rNeg    + . .        K - +0 robe {rN+}
rPois   +            (helmet restricted)
rElec   .            (no cloak)
rCorr   .            (gloves unavailable)
SInv    +            (boots unavailable)
Will    ++...        e - amulet of reflection
Stlth   ++++++       m - ring of poison resistance
HPRegen 0.30/turn    N - ring of flight
MPRegen 0.24/turn

%: reflection, clarity
@: flying, very quick
A: very small, no large weapons, unfitting armour, see invisible, speed 3,
clarity
a: Renounce Religion, Wall of Briars, Grow Ballistomycete, Overgrow, Grow Oklob


You were in a volcano.
You worshipped Fedhas.
Fedhas was exalted by your worship.
You visited 4 branches of the dungeon, and saw 15 of its levels.
You also visited: Sewer, Bailey and Volcano.

You collected 1453 gold pieces.
You spent 337 gold pieces at shops.

Inventory:

Hand Weapons
 a - the +3 dagger of Floods (weapon) {elec, rF+ MP+9 Stlth+}
   (You found it on level 8 of the Dungeon)

   rF:        It protects you from fire.
   MP:        It affects your magic capacity (+9).
   Stlth:     It makes you more stealthy.
 b - the +2 sling of the Thoughtful Beggars {drain, rN+ Will- Int+3 Dex+4}
   (You found it in a bailey)

   Int:       It affects your intelligence (+3).
   Dex:       It affects your dexterity (+4).
   rN:        It protects you from negative energy.
   Will:      It decreases your willpower.
 c - a +2 short sword of speed
 g - a +1 dagger of electrocution
 h - a +0 shortbow
 E - a +4 short sword of flaming
 J - a +2 short sword of venom
 M - a +0 sling
 O - the +3 dagger "Nasieh Zef" {venom, rElec Str+3 Dex+5}
   (You found it on level 10 of the Dungeon)

   Str:       It affects your strength (+3).
   Dex:       It affects your dexterity (+5).
   rElec:     It insulates you from electricity.
 U - the +10 shortbow of Etweum {antimagic, rN+ Str-4 Int+2 SInv}
   (You found it on level 11 of the Dungeon)

   Str:       It affects your strength (-4).
   Int:       It affects your intelligence (+2).
   rN:        It protects you from negative energy.
   SInv:      It lets you see invisible.
Missiles
 d - 6 boomerangs of dispersal
 f - 38 poisoned darts (quivered)
 s - 38 boomerangs
 T - 4 curare-tipped darts
Armour
 i - a +0 robe
 I - a +0 troll leather armour
 K - a +0 robe of positive energy (worn)
 R - +0 acid dragon scales
 V - a +0 buckler (worn)
Magical Staves
 y - a staff of air
Jewellery
 e - an amulet of reflection (around neck)
 m - a ring of poison resistance (left hand)
 z - a ring of ice
 G - a ring of protection from cold
 H - a ring of positive energy
 N - a ring of flight (right hand)
 Q - a ring of magical power
 S - a ring of wizardry
Wands
 k - a wand of paralysis (9)
 l - a wand of digging (6)
 u - a wand of light (1)
 F - a wand of mindburst (14)
Scrolls
 r - 3 scrolls of enchant weapon
 A - a scroll of enchant armour
 B - a scroll of silence
 C - a scroll of fear {unknown}
 D - 7 scrolls of teleportation
Potions
 j - a potion of invisibility {unknown}
 n - 3 potions of haste
 o - a potion of resistance
 p - a potion of might
 q - 2 potions of brilliance
 t - 2 potions of heal wounds
 v - a potion of curing
 w - 9 potions of flight
 x - a potion of cancellation
 P - a potion of lignification


   Skills:
 + Level 5.6 Fighting
 - Level 7.0 Short Blades
 + Level 4.2 Ranged Weapons
 + Level 4.3 Throwing
 + Level 2.6 Armour
 + Level 9.1 Dodging
 + Level 10.0 Stealth
 + Level 1.2 Shields
 + Level 8.5 Spellcasting
 + Level 6.6 Hexes
 + Level 12.7 Translocations
 + Level 5.0 Transmutations
 + Level 4.1 Ice Magic
 + Level 3.0 Earth Magic
 + Level 5.2 Invocations
 + Level 5.4 Evocations


You had 8 spell levels left.
You knew the following spells:

 Your Spells              Type           Power      Damage    Failure   Level
a - Ensorcelled Hibernat  Hex/Ice        44%        N/A       3%          2
b - Teleport Other        Tloc           44%        N/A       1%          3
c - Manifold Assault      Tloc           44%        N/A       1%          4
d - Gell's Gravitas       Tloc           44%        N/A       1%          3
e - Petrify               Tmut/Erth      18%        N/A       34%         4
h - Blink                 Tloc           88%        N/A       1%          2
p - Passwall              Tmut/Erth      15%        N/A       5%          2

Your spell library contained the following spells:

 Spells                   Type           Power      Damage    Failure   Level
 Lesser Beckoning         Tloc           88%        N/A       1%          2
 Wereblood                Tmut           21%        N/A       3%          2
 Vhi's Electric Charge    Tloc/Air       50%        N/A       4%          3
 Necrotise                Necr           24%        1d5       19%         1
 Sublimation of Blood     Necr           6%         N/A       28%         2
 Swiftness                Air            6%         N/A       50%         3
 Vampiric Draining        Necr           6%         2d6       50%         3
 Olgreb's Toxic Radiance  Pois           6%         N/A       88%         4
 Irradiate                Conj/Tmut      6%         3d13      88%         5
 Agony                    Necr           6%         N/A       99%         5
 Summon Hydra             Summ           3%         N/A       100%        7
 Discord                  Hex            13%        N/A       100%        8
 Ignition                 Fire           3%         3d4       100%        8


Dungeon Overview and Level Annotations

Branches:
Dungeon (11/15)            Temple (1/1) D:5            Lair (1/5) D:11
    Orc (2/2) D:11          Sewer (visited)          Bailey (visited)
Volcano (1/1)
    Elf: Orc:2

Altars:
Ashenzari
Cheibriados
Dithmenos
Elyvilon
Fedhas
Gozag
Hepliaklqana
Kikubaaqudgha
Makhleb
Nemelex Xobeh
Okawaru
Qazlal
Ru
Sif Muna
Trog
Uskayaw
Vehumet
Wu Jian
Xom
Yredelemnul
Zin
The Shining One

Shops:
D:7 ?

Portals:
Trove: D:10 (give horn of Geryon)

Annotations:
D:2 1 runed translucent door, Crazy Yiuf
Orc:2 exclusion: wraith, Josephine


Innate Abilities, Weirdness & Mutations

You are very small and have problems with some larger weapons.
You are too small for most types of armour.
You have supernaturally acute eyesight. (SInv)
You cover ground extremely quickly. (Speed+++)
You possess an exceptional clarity of mind.


Message History

The lindwurm is almost dead.
Fire: b) +2 sling of the Thoughtful Beggars {drain, rN+ Will- Int+3 Dex+4}
Press: ? - help, Q - select action, (/) - cycle Shift-Dir - straight line, f/p - lindwurm
Aim: a lindwurm (almost dead, heavily drained, 79% to hit)
You shoot a sling bullet. The sling bullet hits the lindwurm.
You kill the lindwurm!
Fedhas appreciates your contribution to the ecosystem.
The volcano roars to life, belching forth lava!
Your Stealth skill increases to level 10!
You start resting.
The air gets thick with the scent of sulphur.
You start resting.
The volcano roars to life, belching forth lava!
You start resting.
HP restored.
You see here a hell hound corpse.
There is an open door here.
You see here a hell hound corpse.
f - 36 poisoned darts (gained 3)
f - 37 poisoned darts (gained 1)
There is an open door here.
f - 38 poisoned darts (gained 1)
There is an open door here.
You see here a hell hound corpse.
There is an open door here.
The volcano roars to life, belching forth lava!
You are engulfed in blazing flames.
You are engulfed in blazing flames.
You are engulfed in blazing flames.
You hear the crackle of electricity.
a - the +3 dagger of Floods (weapon)
{elec, rF+ MP+9 Stlth+} You are engulfed in blazing flames.
You resist.
You are engulfed in blazing flames.
You resist.
* * * LOW HITPOINT WARNING * * *
You're standing in a cloud of flame!
You are engulfed in blazing flames.
You resist.
* * * LOW HITPOINT WARNING * * *
You are engulfed in blazing flames.
You resist.
You die...
Fedhas appreciates your contribution to the ecosystem.

...§...§§§§....##....§§§§........
.§.§§.≈≈≈≈°...°°..°.°°≈.§.§.§§...
≈≈§§≈≈≈≈§≈§°§.°°°.°○°≈≈≈§≈≈≈§≈...
§§≈§≈≈≈≈§≈≈§≈≈≈.≈≈≈≈°≈≈≈§≈≈≈§§≈≈.
§§§§≈§≈≈§≈°§°°≈°≈°≈≈§≈≈≈°≈≈≈§≈§§≈
≈≈≈§§§≈§§≈§≈§≈°°≈≈°§§≈≈°°○≈§≈≈≈§≈
§≈†§≈≈§≈≈≈≈≈≈≈°≈°≈≈§§≈°≈°≈§≈≈≈≈≈§
§§.≈≈.§.§≈≈≈.°°°≈.°°≈≈≈§°≈§≈§≈§≈≈
≈§§†....§.°...°.@°°°°°≈§°≈§§§≈≈≈§
§§########°########.≈≈°°○§≈§§§§≈≈
..# #.# #§°°≈§°§≈§§≈≈§≈ ..# #†#
#.§§°°≈§§≈§≈§§≈ ≈.# #.#
#.§§○°§§≈≈≈ §≈§ ..# #.#
#.≈≈§≈°§≈≈≈ ≈§≈ ≈.######.#.#
#..§§≈≈§§≈≈ ≈§§ ..#......#.#
.....#.≈≈§§§≈≈≈≈ ≈≈§
≈.###++###'###++###..§≈§§§§§§ ≈≈§


There were no monsters in sight!

Vanquished Creatures
  A centaur warrior (D:11)
  7 two-headed ogres
  Sonja (D:11)
  A lindwurm (Volcano)
  A deep elf pyromancer (D:11)
  An orc sorcerer (Orc:2)
  A cyclops (D:11)
  Joseph (D:6)
  A gargoyle (D:10)
  An efreet (D:11)
  2 cane toads (Lair:1)
  A komodo dragon (Lair:1)
  A yaktaur (D:11)
  A tengu conjurer (D:11)
  A queen bee (Lair:1)
  5 trolls
  2 hornets
  A shadow (D:11)
  6 yaks
  2 fire bats (Volcano)
  4 wyverns
  A wraith (D:10)
  A basilisk (D:11)
  A warg (Orc:2)
  Edmund (D:4)
  A vampire mosquito (D:11)
  4 water moccasins
  3 acid dragons (D:11)
  3 hell hounds (Volcano)
  22 orc warriors
  2 ice beasts
  2 black bears
  A hornet zombie (D:7)
  5 centaurs
  3 ogres (D:11)
  A boggart (D:10)
  2 phantoms
  6 kobold brigands
  5 bullfrogs
  3 scorpions
  3 gnoll sergeants
  4 necrophages (D:7)
  5 wights
  32 killer bees
  An electric eel (D:11)
  6 howler monkeys
  5 lava snakes (Volcano)
  2 bullfrog zombies (D:7)
  A centaur zombie (D:7)
  4 jellies
  8 hounds
  A human zombie (D:7)
  9 orc priests
  6 iguanas
  4 gnoll boudas
  22 orc wizards
  A killer bee zombie (D:7)
  A howler monkey zombie (D:7)
  29 gnolls
  11 adders
  3 river rats (Sewer)
  2 shadow imps
  A white imp (D:7)
  An ufetubus (D:6)
  2 dart slugs
  62 orcs
  8 ball pythons
  6 endoplasms
  4 giant cockroaches
  10 goblins
  10 hobgoblins
  3 jackals
  6 quokkas
  4 bats
  2 frilled lizards
  24 kobolds
  13 rats
425 creatures vanquished.

Vanquished Creatures (others)
  A hound (D:5)
  2 sleepcaps
  An orc wizard (D:9)
  An orc (D:6)
  2 kobolds (D:7)
  A fungus (Lair:1)
  10 plants
18 creatures vanquished.

Grand Total: 443 creatures vanquished

Notes
Turn   | Place    | Note
-------+----------+-------------------------------------------
     0 | D:1      | Lobster4 the Spriggan Warper began the quest for the Orb.
     0 | D:1      | Reached XP level 1. HP: 10/10 MP: 5/5
   290 | D:1      | Reached XP level 2. HP: 14/14 MP: 6/6
   300 | D:1      | Learned a level 2 spell: Blink
   579 | D:1      | Reached skill level 1 in Stealth
   928 | D:2      | Reached XP level 3. HP: 18/18 MP: 8/8
  1171 | D:2      | Gained mutation: You possess an exceptional clarity of
                  | mind. [potion of mutation]
  1392 | D:2      | Found a runed translucent door.
  1393 | D:2      | Noticed Crazy Yiuf
  1925 | D:3      | Reached XP level 4. HP: 17/23 MP: 9/9
  2070 | D:3      | Reached skill level 1 in Ranged Weapons
  2070 | D:3      | Reached skill level 5 in Translocations
  2220 | D:3      | Found a glowing drain.
  2225 | Sewer    | Entered a sewer
  2236 | Sewer    | Reached skill level 1 in Evocations
  2296 | Sewer    | Reached XP level 5. HP: 13/26 MP: 10/10
  2467 | Sewer    | Found a white marble altar of Elyvilon.
  2903 | D:3      | Found a faded altar of an unknown god.
  2908 | D:3      | Learned a level 3 spell: Teleport Other
  3278 | D:4      | Reached XP level 6. HP: 30/30 MP: 12/12
  3766 | D:4      | Reached skill level 6 in Translocations
  3842 | D:4      | Noticed Edmund
  3893 | D:4      | Killed Edmund
  3894 | D:4      | Reached XP level 7. HP: 31/35 MP: 12/14
  4383 | D:5      | Entered Level 5 of the Dungeon
  4458 | D:5      | Found a staircase to the Ecumenical Temple.
  4611 | Temple   | Entered the Ecumenical Temple
  4777 | Temple   | Became a worshipper of Fedhas Madash
  5591 | D:5      | Reached skill level 7 in Translocations
  5646 | D:4      | Reached skill level 5 in Dodging
  5646 | D:4      | Reached XP level 8. HP: 39/39 MP: 15/15
  5690 | D:5      | Learned a level 3 spell: Gell's Gravitas
  5693 | D:5      | Learned a level 2 spell: Passwall
  5696 | D:5      | Learned a level 2 spell: Ensorcelled Hibernation
  5883 | D:5      | Reached skill level 1 in Invocations
  6017 | D:5      | Reached * piety under Fedhas
  6162 | D:5      | Reached skill level 1 in Transmutations
  6239 | D:5      | Reached skill level 1 in Hexes
  6424 | D:4      | Reached skill level 1 in Ice Magic
  6530 | D:5      | Reached skill level 5 in Spellcasting
  6530 | D:5      | Reached skill level 8 in Translocations
  6633 | D:5      | Reached skill level 5 in Stealth
  7070 | D:6      | Reached ** piety under Fedhas
  7071 | D:6      | Reached XP level 9. HP: 44/44 MP: 17/17
  7261 | D:6      | Found a broken altar of Ashenzari.
  7266 | D:6      | Found a glowing silver altar of Zin.
  7266 | D:6      | Found a shadowy altar of Dithmenos.
  7295 | D:6      | Found a white marble altar of Elyvilon.
  7298 | D:6      | Found an iron altar of Okawaru.
  7722 | D:7      | Found Yttuamn's Magic Scroll Boutique.
  7853 | D:7      | Noticed Joseph
  8143 | D:6      | Learned a level 4 spell: Manifold Assault
  8151 | D:7      | Bought a scroll of noise for 13 gold pieces
  8151 | D:7      | Bought a scroll of enchant armour for 97 gold pieces
  8151 | D:7      | Bought a scroll of silence for 123 gold pieces
  8297 | D:6      | Killed Joseph
  8298 | D:6      | Reached skill level 5 in Short Blades
  8298 | D:6      | Reached skill level 9 in Translocations
  9286 | D:7      | Reached *** piety under Fedhas
 10206 | D:7      | Found a basalt altar of Yredelemnul.
 10226 | D:7      | Reached XP level 10. HP: 49/49 MP: 18/20
 10558 | D:7      | Bought a scroll of immolation for 52 gold pieces
 10558 | D:7      | Bought a scroll of poison for 52 gold pieces
 10791 | D:8      | Identified the +3 dagger of Floods {elec, rF+ MP+9 Stlth+}
 10796 | D:8      | Reached skill level 10 in Translocations
 11034 | D:8      | Noticed a two-headed ogre
 11098 | D:8      | Killed a two-headed ogre
 11098 | D:8      | Reached **** piety under Fedhas
 11162 | D:8      | Reached skill level 1 in Earth Magic
 11524 | D:8      | Found a stormy altar of Qazlal.
 13586 | D:9      | Reached skill level 5 in Transmutations
 14229 | D:10     | Entered Level 10 of the Dungeon
 14235 | D:10     | Found a burning altar of Makhleb.
 14250 | D:10     | Noticed a two-headed ogre
 14253 | D:10     | Reached skill level 11 in Translocations
 14258 | D:10     | Killed a two-headed ogre
 14259 | D:10     | Reached XP level 11. HP: 54/54 MP: 22/22
 14312 | D:10     | Found a portal to a secret trove of treasure.
 14321 | D:10     | Noticed a two-headed ogre
 14341 | D:10     | Identified the +3 dagger "Nasieh Zef" {venom, rElec Str+3
                  | Dex+5}
 14358 | D:10     | Reached ***** piety under Fedhas
 14359 | D:10     | Reached skill level 5 in Hexes
 14420 | D:10     | Found a flagged portal.
 14447 | Bailey   | Entered a bailey
 14762 | Bailey   | Identified the +2 sling of the Thoughtful Beggars {drain,
                  | rN+ Will- Int+3 Dex+4}
 15354 | D:10     | Found a snail-covered altar of Cheibriados.
 15419 | D:10     | Reached skill level 1 in Armour
 15860 | D:10     | Killed a two-headed ogre
 15941 | D:11     | Found a staircase to the Lair.
 15958 | D:11     | Noticed Sonja
 16083 | D:11     | Reached skill level 5 in Fighting
 16160 | D:11     | Killed Sonja
 16162 | D:11     | Noticed a two-headed ogre
 16172 | D:11     | Killed a two-headed ogre
 16209 | D:11     | Identified the +6 long sword "Embalmer" {drain, Dex+3}
 16252 | D:11     | Found a staircase to the Orcish Mines.
 16283 | D:11     | Reached skill level 12 in Translocations
 16892 | D:11     | Noticed a two-headed ogre
 16898 | D:11     | Killed a two-headed ogre
 16899 | D:11     | Reached skill level 5 in Invocations
 16945 | D:11     | Noticed a two-headed ogre
 17003 | D:11     | Killed a two-headed ogre
 17110 | D:11     | Noticed a two-headed ogre
 17111 | D:11     | Reached ****** piety under Fedhas
 17112 | D:11     | Reached XP level 12. HP: 60/60 MP: 24/24
 17118 | D:11     | Killed a two-headed ogre
 17272 | D:11     | Noticed a centaur warrior
 17291 | D:11     | Killed a centaur warrior
 17441 | D:10     | Upgraded the game from 0.30-a0-1124-g6e8f0f562f to
                  | 0.30-a0-1157-g2cc9ac7196
 17541 | D:11     | Identified the +10 shortbow of Etweum {antimagic, rN+ Str-4
                  | Int+2 SInv}
 17688 | Orc:1    | Entered Level 1 of the Orcish Mines
 18526 | Orc:2    | Entered Level 2 of the Orcish Mines
 19200 | Orc:2    | Noticed Josephine
 19753 | Lair:1   | Entered Level 1 of the Lair of Beasts
 19836 | Lair:1   | Reached skill level 1 in Shields
 20044 | Lair:1   | Reached skill level 5 in Evocations
 20492 | Lair:1   | Found a dark tunnel.
 20497 | Volcano  | Entered a volcano
 21091 | Volcano  | Learned a level 4 spell: Petrify
 21186 | Volcano  | Found a bloodstained altar of Trog.
 21269 | Volcano  | Reached skill level 10 in Stealth
 21404 | Volcano  | Engulfed by a cloud of flame

Illustrated notes

Levels and vault maps discovered:
D:1:      psy_arrival_conway, layout_loops_ring
D:2:      layout_basic, uniq_crazy_yiuf_cottage
D:3:      layout_basic, portal_sewer_entry_e, basic_ecumenical_altar,
          minivault_5
D:4:      layout_basic, uniq_edmund
D:5:      minmay_bubble_buster, layout_rooms, minmay_temple_entry_grid
D:6:      layout_basic, minmay_overflow_temple_star_hex
D:7:      layout_basic, lemuel_mausoleum_altar_yredelemnul, serial_shops,
          nicolae_shop_trees, uniq_joseph
D:8:      layout_cave_pools, nicolae_qazlal_eye_of_the_storm,
          columned_hall_lemuel
D:9:      layout_stronghold, kennysheep_generic_room_6
D:10:     wad_cavern_with_rooms, layout_long_grid,
          mainiacjoe_overflow_concentric_impassable, marbit_many_paths,
          nicolae_trove_entry_free_sample, enter_bailey_5
D:11:     minmay_the_grid_triangle_9x9_recursive_2
          [minmay_the_grid_triangle_9x9_prize_top_heavy,
          minmay_the_grid_triangle_9x9_sprig,
          minmay_the_grid_triangle_9x9_steps,
          minmay_the_grid_triangle_9x9_zippers_vertical], layout_cave_pools,
          kennysheep_orc_monster_closet_entryway, minmay_crystal_water,
          chequers_serial_rivers_room_b, uniq_sonja
Temple:   nicolae_temple_bog_church
Lair:1:   layout_cave_pods, nicolae_volcano_entry_lava_flow, special_room
          [special_room_bee], minivault_26, serial_bayou_lake_a
Orc:1:    layout_caves, basic_altar
Orc:2:    st_orc_pillars, layout_diamond_mine, basic_altar, mines_bat_river,
          uniq_rupert, uniq_josephine
Volcano:  volcano_lake [vl_original]

Skill      XL: |  1  2  3  4  5  6  7  8  9 10 11 12 |
---------------+-------------------------------------+-----
Stealth        | 1 2 3 4 5 6 8 9 10 | 10.0
Spellcasting   | 3 4 5 6 7 8 |  8.5
Fighting       | 2 3 4 5 |  5.6
Ranged Weapons | 1 2 3 4 |  4.2
Translocations | 5 6 7 8 9 11 12 | 12.7
Evocations     | 1 2 3 4 5 |  5.4
Short Blades   | 3 4 5 6 7 |  7.0
Throwing       | 2 3 4 |  4.3
Dodging        | 4 5 6 7 8 9 |  9.1
Invocations    | 2 3 4 5 |  5.2
Transmutations | 2 3 5 |  5.0
Hexes          | 2 3 4 5 6 |  6.6
Ice Magic      | 1 2 3 4 |  4.1
Earth Magic    | 2 3 |  3.0
Armour         | 1 2 |  2.6
Shields        | 1 |  1.2

Action                     |  1- 3 |  4- 6 |  7- 9 | 10-12 || total
---------------------------+-------+-------+-------+-------++-------
  Melee: Short sword       |    36 |       |   192 |    45 ||   273
         Punch             |     1 |     3 |     4 |     3 ||    11
         Dagger            |    98 |   116 |   187 |   538 ||   939
   Fire: Sling             |       |    28 |   185 |   332 ||   545
         Shortbow          |       |       |       |    19 ||    19
  Throw: Dart              |    18 |    44 |   264 |    83 ||   409
         Boomerang         |     1 |       |       |     7 ||     8
         Throwing net      |       |       |     5 |       ||     5
   Cast: Blink             |       |       |     1 |       ||     1
         Ensorcelled Hiber |       |       |       |   137 ||   137
         Teleport Other    |       |       |       |    16 ||    16
         Manifold Assault  |       |       |       |    45 ||    45
         Gell's Gravitas   |       |       |       |     2 ||     2
  Evoke: Wand              |       |     5 |     3 |     7 ||    15
    Use: Potion            |     1 |       |     2 |     7 ||    10
         Scroll            |       |     6 |    13 |     6 ||    25
   Stab: Sleeping          |     4 |     5 |     5 |    87 ||   101
         Invisible         |       |     3 |     1 |       ||     4
         Held in net/web   |       |       |     2 |       ||     2
         Distracted        |       |       |       |     2 ||     2
 Armour: Robe              |    12 |     7 |    12 |    17 ||    48
  Dodge: Dodged            |    73 |    64 |   220 |   413 ||   770
  Block: Other             |    29 |    16 |    69 |    74 ||   188
         Reflection        |       |       |     3 |    13 ||    16
         Buckler           |       |       |       |    59 ||    59

Table legend: (Time is in decaauts)
 A = Elapsed time spent in this place.
 B = Non-inter-level travel time spent in this place.
 C = Inter-level travel time spent in this place.
 D = Time resting spent in this place.
 E = Time spent auto-exploring this place.
 F = Levels seen in this place.
 G = Mean time per level.
                   A        B        C        D        E       F      G
               +--------+--------+--------+--------+--------+-----+--------+
         Total |  16290 |  15547 |    743 |   3688 |   5934 |  18 |  905.0 |
       Dungeon |  12939 |  12222 |    717 |   2432 |   5373 |  11 | 1176.3 |
        Temple |    117 |    113 |      4 |      0 |     89 |   1 |  117.0 |
          Lair |    421 |    404 |     17 |    120 |     27 |   1 |  421.0 |
  Orcish Mines |   1102 |   1099 |      3 |    646 |    197 |   2 |  551.0 |
         Sewer |    349 |    349 |      0 |     84 |     48 |   1 |  349.0 |
        Bailey |    623 |    623 |      0 |      4 |    127 |   1 |  623.0 |
       Volcano |    735 |    735 |      0 |    400 |     70 |   1 |  735.0 |
               +--------+--------+--------+--------+--------+-----+--------+

Top non-repeatable levels by time:
    D:11: 1851 daAuts
     D:9: 1743 daAuts
     D:6: 1669 daAuts
     D:5: 1496 daAuts
     D:7: 1250 daAuts
     D:4: 1068 daAuts
     D:8: 1005 daAuts
    D:10: 992 daAuts
   Orc:1: 863 daAuts
 Volcano: 735 daAuts
     D:3: 642 daAuts
     D:2: 623 daAuts
  Bailey: 623 daAuts
     D:1: 597 daAuts
  Lair:1: 421 daAuts
